cohdb
Replays
Latest Replays
All Replays
Popular Replays
Top Player Replays
Match Explorer
How It Works
Community
CoH3 Stats
Reddit
Sign in to upload your games and track your stats! →
Sign in with Steam
Match 41165039
Unlisted
Match 41165039
Overview
Messages
Build Orders
End
Kradschützen Motorcycle Team
Selects Panzerjäger Kommand Battlegroup
Panzergrenadier Squad
Panzergrenadier Squad
Panzergrenadier Squad
250 Light Carrier
Construct Light Support Kompanie
Fire Support Elements
Panzerjäger Mechanized Group
Flakvierling Half-track
Veteran Squad Leaders
Panzerjäger Squad
Selects Tank Busters
Selects Mine Fields
Flakvierling Half-track
Selects Early Warning
Selects Crew Shock Tactics
MG34 Team
Panzerpioneer Squad
2.5-tonne Medical Truck
Construct Panzerarmee Kommand
le.IG 18 Mechanized Group
Armored Reserves
Tiger Heavy Tank
Selects Anti-tank Overwatch
Selects Butterfly Bomb Drop
OVOdefk
只愛❤毛妹
0
0
Comments
sign in to comment!
No comments posted yet!